 Dungeon Crawl Stone Soup version 0.28-a0-991-g956f0ee3d5 (webtiles) character file.

Game seed: 11115398223358755088

83 bearlyready the Chopper (level 4, 0/37 HPs)
             Began as a Hill Orc Gladiator on Dec 4, 2021.
             Slain by a gnoll (6 damage)
             ... on level 2 of the Dungeon.
             The game lasted 00:02:19 (2240 turns).

bearlyready the Chopper (Hill Orc Gladiator)        Turns: 2240, Time: 00:02:20

Health: 0/37       AC:  6    Str: 18    XL:     4   Next: 44%
Magic:  4/4        EV: 11    Int:  8    God:
Gold:   29         SH:  3    Dex: 12    Spells: 3/3 levels left

rFire   . . .      SeeInvis .   a - +0 war axe
rCold   . . .      Faith    .   t - +0 buckler
rNeg    . . .      Spirit   .   b - +0 leather armour
rPois   .          Reflect  .   c - +0 helmet
rElec   .          Harm     .   (no cloak)
rCorr   .          Rampage  .   s - +1 pair of gloves
Will    .....                   (no boots)
Stlth   +.........              (no amulet)
HPRegen 0.12/turn               (no ring)
MPRegen 0.09/turn               (no ring)

@: no status effects
A: no striking features
a: no special abilities


You were on level 2 of the Dungeon.
You visited 1 branch of the dungeon, and saw 2 of its levels.

You collected 119 gold pieces.
You spent 90 gold pieces at shops.

Inventory:

Hand Weapons
 a - a +0 war axe (weapon)
Missiles
 d - 3 throwing nets (quivered)
 f - 58 stones
Armour
 b - a +0 leather armour (worn)
 c - a +0 helmet (worn)
 s - a +1 pair of gloves (worn)
 t - a +0 buckler (worn)
Scrolls
 e - a scroll of torment {unknown}
 h - a scroll of vulnerability {unknown}
 j - a scroll of summoning {unknown}
 k - 2 scrolls of fear {unknown}
 l - 2 scrolls of identify {unknown}
 m - 2 scrolls of immolation {unknown}
 n - 2 scrolls of magic mapping {unknown}
 p - a scroll of teleportation {unknown}
 q - a scroll of blinking
 r - a scroll of enchant armour {unknown}
Potions
 g - a potion of attraction {unknown}
 i - a potion of lignification {unknown}
 o - a potion of mutation {unknown}
 u - a potion of berserk rage {unknown}


   Skills:
 - Level 2.4 Fighting
 + Level 6.6 Axes
 - Level 1.7 Throwing
 - Level 2.4 Dodging
 + Level 0.9 Shields


You had 3 spell levels left.
You didn't know any spells.
Your spell library contained the following spells:

 Spells                   Type           Power      Damage    Failure   Level
 Animate Skeleton         Necr           0%         N/A       61%         1
 Pain                     Necr           0%         1d4       61%         1
 Vampiric Draining        Necr           0%         2d6       93%         3


Dungeon Overview and Level Annotations

Branches:
Dungeon (2/15)

Altars:
Hepliaklqana

Shops:
D:2 *


Message History

The gnoll hits you but does no damage.
You are too injured to fight recklessly!
You are too injured to fight recklessly!
You are too injured to fight recklessly!
You are too injured to fight recklessly!
You are too injured to fight recklessly!
You are too injured to fight recklessly!
You are too injured to fight recklessly!
You are too injured to fight recklessly!
You are too injured to fight recklessly!
You are too injured to fight recklessly!
You are too injured to fight recklessly!
You are too injured to fight recklessly!
You are too injured to fight recklessly!
You are too injured to fight recklessly!
You closely miss the gnoll.
The gnoll is lightly wounded.
The gnoll misses you.
The gnoll hits you from afar with a +0 spear.
You closely miss the gnoll. You block the gnoll's attack. x2
The gnoll hits you with a +0 whip.
You barely miss the gnoll.
The gnoll hits you from afar with a +0 spear.
The gnoll barely misses you. The gnoll hits you but does no damage.
You hit the gnoll.
The gnoll is moderately wounded.
The gnoll hits you but does no damage.
The gnoll hits you from afar with a +0 spear.
You hit the gnoll but do no damage.
The gnoll is moderately wounded.
The gnoll hits you with a +0 whip.
* * * LOW HITPOINT WARNING * * *
The gnoll closely misses you.
You hit the gnoll.
The gnoll is severely wounded.
The gnoll hits you with a +0 whip.
* * * LOW HITPOINT WARNING * * *
You block the gnoll's attack. The gnoll hits you with a +0 whip.
You die...

#.....# ##..## ######.### #
#.....####..# #.........
######.......##.## #......<..
..>........#....# #####.........
....########....####.............
.......######.#......###'#####'##
..##.#.##.......##.####...# #...#
#.##.#....##..#.##....#...# #...#
#..#............@####.#...# #...#
#.....#####..##..g# ###...# #...#
....#.###...###..)g...#...# #...#
.#....##..### ###.##..#...# #...#
###.#.......# #.# .#...# #...#
#.##..<##.# ... #...# #...#
#.##..## ... .... #...# #...#
#......## ### #.#. #...# #...#
#######...## #.# #...# #...#


You could see 2 gnolls.

Vanquished Creatures
  2 gnolls (D:2)
  8 endoplasms
  3 giant cockroaches (D:1)
  6 goblins (D:1)
  5 hobgoblins
  3 jackals (D:1)
  2 quokkas
  3 ball pythons (D:1)
  6 bats
  3 frilled lizards
  11 kobolds
  9 rats
61 creatures vanquished.

Vanquished Creatures (others)
  7 plants (D:2)
7 creatures vanquished.

Grand Total: 68 creatures vanquished

Notes
Turn   | Place    | Note
-------+----------+-------------------------------------------
     0 | D:1      | bearlyready the Hill Orc Gladiator began the quest for the
                  | Orb.
     0 | D:1      | Reached XP level 1. HP: 18/18 MP: 1/1
   234 | D:1      | Reached XP level 2. HP: 10/25 MP: 2/2
   242 | D:1      | Reached skill level 5 in Axes
   615 | D:1      | Found a faded altar of an unknown god.
   684 | D:1      | Reached XP level 3. HP: 27/30 MP: 3/3
  1423 | D:1      | Reached skill level 6 in Axes
  1581 | D:2      | Found Vurawe Qessy's General Store.
  1586 | D:2      | Bought a scroll of blinking for 90 gold pieces
  1968 | D:2      | Reached XP level 4. HP: 34/37 MP: 4/4
  1995 | D:2      | Found a hazy altar of Hepliaklqana.
  2240 | D:2      | Slain by a gnoll

Illustrated notes

Levels and vault maps discovered:
D:1:      lemuel_arrival_lava_pool, layout_basic, basic_ecumenical_altar,
          minmay_pentomino_w4
D:2:      layout_rooms, basic_altar, serial_shops, nicolae_shop_crystal,
          nrook_uturn, lexackson_kobold_supper

Skill      XL: |  1  2  3 |
---------------+----------+-----
Axes           | 5 6 |  6.6
Fighting       | |  2.4
Throwing       | |  1.7
Dodging        | |  2.4
Shields        | |  0.9

Action                   |  1- 3 |  4- 6 || total
-------------------------+-------+-------++-------
Melee: War axe           |   142 |    29 ||   171
Armor: Leather armour    |    44 |    10 ||    54
Dodge: Dodged            |    97 |    23 ||   120
Block: Buckler           |       |     8 ||     8

Table legend: (Time is in decaauts)
 A = Elapsed time spent in this place.
 B = Non-inter-level travel time spent in this place.
 C = Inter-level travel time spent in this place.
 D = Time resting spent in this place.
 E = Time spent auto-exploring this place.
 F = Levels seen in this place.
 G = Mean time per level.
                   A        B        C        D        E       F      G
               +--------+--------+--------+--------+--------+-----+--------+
         Total |   2278 |   2246 |     32 |      0 |   1815 |   2 | 1139.0 |
       Dungeon |   2278 |   2246 |     32 |      0 |   1815 |   2 | 1139.0 |
               +--------+--------+--------+--------+--------+-----+--------+

Top non-repeatable levels by time:
     D:1: 1563 daAuts
     D:2: 715 daAuts
